 Dungeon Crawl Stone Soup version 0.18.1-6-gd335043 (webtiles) character file.

324 M4edhros the Cleaver (level 6, -15/51 HPs)
             Began as a Minotaur Berserker on May 20, 2016.
             Was a Follower of Trog.
             Demolished by an ogre
             ... wielding a +0 giant club
              (28 damage)
             ... on level 8 of the Dungeon.
             The game lasted 00:02:26 (607 turns).

M4edhros the Cleaver (Minotaur Berserker)            Turns: 607, Time: 00:02:26

Health: -15/51     AC:  5    Str: 27    XL:     6   Next: 23%
Magic:  5/5        EV: 12    Int:  4    God:    Trog [*.....]
Gold:   76         SH:  0    Dex: 11    Spells: 0 memorised, 5 levels left

rFire  . . .     SeeInvis .     a - +0 hand axe
rCold  . . .     Gourm    .     b - +0 animal skin
rNeg   . . .     Faith    .     (no shield)
rPois  .         Spirit   .     (helmet restricted)
rElec  .         Dismiss  .     (no cloak)
rCorr  .         Reflect  .     n - +1 pair of gloves
SustAt .         Harm     .     l - +0 pair of boots
MR     .....                    (no amulet)
Stlth  +.........               (no ring)
                                s - ring of wizardry

@: mighty, exhausted, slowed, very slow, not resistant to hostile enchantments,
very unstealthy
A: retaliatory headbutt, horns 2
a: Berserk, Burn Spellbooks, Renounce Religion


You were on level 8 of the Dungeon.
You worshipped Trog.
Trog was aware of your devotion.
You were near starving.

You visited 1 branch of the dungeon, and saw 8 of its levels.

You collected 76 gold pieces.

Inventory:

Hand Weapons
 a - a +0 hand axe (weapon)
Missiles
 h - 2 curare-tipped needles
Armour
 b - a +0 animal skin (worn)
 l - a +0 pair of boots (worn)
 n - a +1 pair of gloves (worn)
 v - a cursed +0 ring mail
Jewellery
 s - a ring of wizardry (left hand)
Scrolls
 f - a scroll of immolation {unknown}
 g - 5 scrolls of identify {unknown}
 i - a scroll of fear {unknown}
 j - a scroll of enchant weapon {unknown}
 k - 2 scrolls of remove curse {unknown}
 u - a scroll of noise {unknown}
Potions
 m - a potion of flight {unknown}
 o - a potion of degeneration {unknown}
 p - a potion of lignification {unknown}
 r - a potion of haste {unknown}
Comestibles
 c - 3 bread rations
 t - a meat ration


   Skills:
 - Level 3.6 Fighting
 + Level 8.5 Axes
 - Level 2.4 Armour
 - Level 2.1 Dodging


You had 5 spell levels left.
You didn't know any spells.

Dungeon Overview and Level Annotations

Branches:
Dungeon (8/15)
 Temple: D:4-7         Lair: D:8-11

Altars:
Zin


Innate Abilities, Weirdness & Mutations

You reflexively headbutt those who attack you in melee.
You have a pair of horns on your head.


Message History

The ogre hits you with a giant club!
You can move again.
Unknown command.
Unknown command.
Drink which item? (? for menu, Esc to quit)
It was a potion of curing.
You feel better. The ogre hits you with a giant club!
Drink which item? (? for menu, Esc to quit)
It was a potion of might.
You feel very mighty all of a sudden. The ogre closely misses you.
You furiously retaliate!
You headbutt the ogre! You barely miss the ogre.
The ogre is heavily wounded.
The ogre hits you with a giant club!!
* * * LOW HITPOINT WARNING * * *
You slash the ogre! Your headbutt misses the ogre.
The ogre is almost dead.
The ogre hits you with a giant club!!
Ouch! That really hurt!
You die...

#################
+...#............
#...#............
#...#...@O.......
#...#............
#...#............
#...##...####....
#...##...########
######...............
#....<......†........
#.....)..............
#....................


You could see an ogre.

Vanquished Creatures
  A phantom (D:8)
  An ogre (D:4)
  A quasit (D:7)
  A hound (D:7)
  A jelly (D:6)
  An orc wizard (D:6)
  2 adders
  An adder skeleton (D:4)
  A dart slug (D:2)
  3 orcs (D:6)
  3 giant cockroaches
  2 quokkas
  A giant newt (D:1)
19 creatures vanquished.

Vanquished Creatures (others)
  A quokka (D:4)
1 creature vanquished.

Grand Total: 20 creatures vanquished

Notes
Turn   | Place    | Note
--------------------------------------------------------------
     0 | D:1      | M4edhros the Minotaur Berserker began the quest for the Orb.
     0 | D:1      | Reached XP level 1. HP: 19/19 MP: 0/0
   168 | D:2      | Reached skill level 4 in Axes
   277 | D:4      | Reached XP level 2. HP: 26/26 MP: 1/1
   285 | D:4      | Noticed an ogre
   292 | D:4      | Killed an ogre
   292 | D:4      | Reached skill level 6 in Axes
   292 | D:4      | Reached XP level 3. HP: 31/31 MP: 2/2
   292 | D:4      | Reached XP level 4. HP: 39/39 MP: 3/3
   360 | D:5      | Entered Level 5 of the Dungeon
   423 | D:6      | Reached skill level 7 in Axes
   423 | D:6      | Reached XP level 5. HP: 45/45 MP: 4/4
   517 | D:7      | Found a glowing silver altar of Zin.
   588 | D:8      | Noticed a phantom
   594 | D:8      | Noticed an ogre
   600 | D:8      | Killed a phantom
   600 | D:8      | Reached skill level 8 in Axes
   600 | D:8      | Reached XP level 6. HP: 51/51 MP: 5/5
   607 | D:8      | Demolished by an ogre

Skill      XL: |  1  2  3  4  5 |
---------------+----------------+-----
Axes           | 4 6 7 8 |  8.5
Fighting       | |  3.6
Armour         | |  2.4
Dodging        | |  2.1

Action                   |  1- 3 |  4- 6 || total
-------------------------+-------+-------++-------
Melee: Hand axe          |    12 |    41 ||    53
       Headbutt          |     2 |     6 ||     8
Invok: Berserk           |     1 |     2 ||     3
  Use: Potion            |       |     2 ||     2
Armor: Animal skin       |     3 |    20 ||    23
Dodge: Dodged            |     9 |    35 ||    44
